 Dungeon Crawl Stone Soup version 0.30-a0-576-g89cddaab80 (webtiles) character file.

Game seed: 15259105308871095379

59 kae the Insei (level 3, 0/26 HPs)
             Began as a Demonspawn Transmuter on Dec 30, 2022.
             Succumbed to a goblin's poison
             ... on level 2 of the Dungeon.
             The game lasted 00:02:09 (882 turns).

kae the Insei (Demonspawn Transmuter)                Turns: 882, Time: 00:02:09

Health: 0/26       AC:  5    Str: 10    XL:     3   Next: 78%
Magic:  6/6        EV: 12    Int: 19    God:
Gold:   93         SH:  0    Dex: 13    Spells: 3/7 levels left

rFire   . . .      SeeInvis .      - Unarmed
rCold   . . .      Faith    .    (no shield)
rNeg    . . .      Spirit   .    a - +0 robe
rPois   .          Reflect  .    c - +2 helmet {Int+3}
rElec   .          Harm     .    (no cloak)
rCorr   .          Rampage  .    (no gloves)
Will    .....                    (no boots)
Stlth   +                        (no amulet)
HPRegen 0.24/turn                (no ring)
MPRegen 0.20/turn                (no ring)

@: lethally poisoned (0 -> -12)
A: foul stench 1, magic regeneration
a: no special abilities


You were on level 2 of the Dungeon.
You visited 1 branch of the dungeon, and saw 2 of its levels.

You collected 93 gold pieces.


Innate Abilities, Weirdness & Mutations

You may rarely emit foul miasma when damaged in melee.
You regenerate magic rapidly.


   Skills:
 - Level 1.0 Fighting
 - Level 1.7 Dodging
 + Level 3.1 Unarmed Combat
 + Level 2.5 Spellcasting
 * Level 3.0 Transmutations


You had 3 spell levels left.
You knew the following spells:

 Your Spells              Type           Power      Damage    Failure   Level
a - Beastly Appendage     Tmut           26%        N/A       4%          1
b - Wereblood             Tmut           13%        N/A       7%          2
c - Apportation           Tloc           4%         N/A       16%         1

Your spell library contained the following spells:

 Spells                   Type           Power      Damage    Failure   Level
 Necrotise                Necr           8%         1d4       16%         1
 Summon Small Mammal      Summ           8%         N/A       16%         1
 Spider Form              Tmut/Pois      8%         N/A       26%         3
 Ice Form                 Ice/Tmut       8%         N/A       65%         4

Inventory:

Missiles
 i - 3 stones
 l - 4 poisoned darts
Armour
 a - a +0 robe (worn)
 c - a +2 helmet of intelligence (worn)
   (You found it on level 1 of the Dungeon)
Scrolls
 e - 2 scrolls of teleportation {@r4}
 m - 2 scrolls of magic mapping {!r}
Potions
 b - a potion of lignification {!q}
 f - a potion of degeneration {unknown}
 g - a potion of haste {unknown}
 h - a potion of cancellation
 k - a potion of heal wounds {unknown}

Dungeon Overview and Level Annotations

Branches:
Dungeon (2/15) Zot: 11124

Altars:

Shops:
D:1

: ,,,,,,,,......* *,**,,,,,*****
**,,,,,,......* *,**,,,,,*****
****,,,,......#####*,#*...,,**,,,
********#.........##.**..,,,**<**
,,,,,,* #.........'.,**..,,,**,,,
*****,* #.........#*,,>.##*******
*,* #.....☼...#*,,,..,* * *****,*
#.........#####.#,* * ,,,,*,*
#.......@.+.....#,******* ***,*,*
#.........###...#,*,,,,** ,,*,,,*
########...)#...#.#,**,** ,,*,,,*
#.##<#.....#,**,** ,,*,,,*
#.#†)#.#####.,,,** ,,*,,,*
#...))........**** ,,*,,,*
###.###.###...* * ,,*,,,*
#.#,,...*,,,* * ***,,,*
#.#,,.....,,* *


There were no monsters in sight!


Message History

The hobgoblin hits you. The goblin misses you. 😮 HP[-2]
You take 2 damage, and now have 17/26 hp.
You punch the hobgoblin!
You feel a bit better.
You kill the hobgoblin!
The goblin hits you but does no damage. 😮 HP[+2]
You regained 2 hp, and now have 19/26 hp.
A goblin comes into view. It is wielding a +0 club.
Your primal bloodlust is almost over.
The goblin shouts!
The goblin hits you but does no damage.
Things that are here:
a +0 dagger; a goblin corpse You hit the goblin.
You feel a bit better.
You kill the goblin!
The goblin hits you but does no damage.
You punch the goblin!
You feel a bit better.
You kill the goblin! 😕 HP[+6] MP[+1]
You regained 6 hp, and now have 25/26 hp.
Your mp is fully restored (6).
No target in view!
No target in view!
You see here a +0 club.
No target in view!
No target in view! 😎 HP[+1]
Your hp is fully restored (26).
Your primal bloodlust has ended.
m - 3 scrolls labelled JIQIJ LEUPSOCK
As you read the scroll labelled DAUREG JATUGA, it crumbles to dust.
Your body is wracked with pain!
It was a scroll of torment. 😮 HP[-12]
You take 12 damage, and now have 14/26 hp.
MASSIVE DAMAGE!! (PAUSE)
As you read the scroll labelled DIPTEBL COEFAI, it crumbles to dust.
It is a scroll of enchant weapon.
You aren't carrying any weapons that can be enchanted.
As you read the scroll labelled XIAPUA BOGAO, it crumbles to dust.
You feel strangely unstable.
It was a scroll of teleportation.
As you read the scroll labelled JIQIJ LEUPSOCK, it crumbles to dust.
You feel aware of your surroundings.
You sensed 1 altar.
It was a scroll of magic mapping. 😮 HP[+1] Unknown command.
Your surroundings suddenly seem different.
A goblin comes into view. It is wielding a +2 dagger of venom.
A goblin is nearby!
A goblin is nearby!
A goblin is nearby!
Casting: Beastly Appendage (safe; 4% risk of failure)
Confirm with . or Enter, or press ? or * to list all spells.
You grow a pair of large bovine horns.
Your feet morph into talons.
Your +2 helmet of intelligence melds into your body.
You feel stupid. 😮 HP[+1] MP[-1]
You lost 1 mp, and now have 5/6 mp.
You are too injured to fight recklessly!
You are too injured to fight recklessly!
The goblin throws a stone.
The stone completely misses you.
The goblin throws a stone.
The stone barely misses you. 😮 MP[+1]
Your mp is fully restored (6). 😮 HP[+1]
You hit the goblin. Your punch misses the goblin.
The goblin hits you with a +2 dagger of venom.
You are poisoned. 😮 HP[-2]
You take 2 damage, and now have 15/26 hp.
You hit the goblin but do no damage. Your kick misses the goblin.
You feel sick.
The goblin hits you with a +2 dagger of venom.
* * * LOW HITPOINT WARNING * * *
You are lethally poisoned!
You emit a cloud of foul miasma! 😨 HP[-5]
You take 5 damage, and now have 10/26 hp.
You barely miss the goblin.
* * * LOW HITPOINT WARNING * * *
You feel very sick.
The goblin is engulfed in dark miasma.
The goblin is poisoned.
You kill the goblin!
Your Transmutations skill increases to level 3! 😱 HP[-4]
You take 4 damage, and now have 6/26 hp.
Unknown command.
* * * LOW HITPOINT WARNING * * *
You feel very sick. 😱 HP[-4]
You take 4 damage, and now have 2/26 hp.
It was a potion of cancellation.
Your magical effects are unravelling.
You feel magically purged.
Your horns disappear.
Your talons disappear.
Your +2 helmet of intelligence unmelds from your body.
You feel clever.
You die...

Skill      XL: |  1  2  3 |
---------------+----------+-----
Transmutations | 2 3 |  3.0
Unarmed Combat | 3 |  3.1
Fighting       | |  1.0
Dodging        | |  1.7
Spellcasting   | |  2.5

Action                   || total
-------------------------++-------
Melee: Unarmed           ||   123
       Kick              ||    15
       Headbutt          ||     6
       Punch             ||     1
 Cast: Beastly Appendage ||    16
       Wereblood         ||     2
  Use: Scroll            ||     4
       Potion            ||     1
Armor: Robe              ||    34
Dodge: Dodged            ||    88

Levels and vault maps discovered:
D:1:      minmay_arrival_open_corners, layout_loops_ring, serial_shops, shop
D:2:      layout_basic, basic_altar, wad_orctagon, uniq_natasha, uniq_robin

Notes
Turn   | Place    | Note
-------+----------+-------------------------------------------
     0 | D:1      | kae the Demonspawn Transmuter began the quest for the Orb.
     0 | D:1      | Reached XP level 1. HP: 15/15 MP: 3/3
     0 | D:1      | magus.rc [v1.11.3]
    90 | D:1      | Found Boifu's Book Shoppe.
   116 | D:1      | Reached skill level 2 in Transmutations
   207 | D:1      | Gained mutation: You regenerate magic rapidly. [demonic
                  | ancestry]
   207 | D:1      | Reached XP level 2. HP: 9/21 MP: 3/5
   358 | D:1      | Learned a level 2 spell: Wereblood
   364 | D:1      | You pick up a book of Cantrips and begin reading...
   364 | D:1      | You add the spells Necrotise, Summon Small Mammal and
                  | Apportation to your library.
   478 | D:1      | Reached skill level 3 in Unarmed Combat
   711 | D:1      | Gained mutation: You may rarely emit foul miasma when
                  | damaged in melee. [demonic ancestry]
   711 | D:1      | Reached XP level 3. HP: 26/26 MP: 6/6
   713 | D:1      | Learned a level 1 spell: Apportation
   746 | D:1      | You fall into a shaft and drop 1 floor!
   791 | D:2      | Noticed Robin
   846 | D:2      | Killed Robin
   880 | D:2      | HP: 6/26 [poisoned by a goblin]
   881 | D:2      | Reached skill level 3 in Transmutations
   881 | D:2      | HP: 2/26 [poisoned by a goblin]
   882 | D:2      | Succumbed to a goblin's poison

Vanquished Creatures
  Robin (D:2)
  5 endoplasms
  A giant cockroach (D:1)
  11 goblins
  6 hobgoblins
  4 kobolds (D:1)
  2 quokkas (D:1)
  4 ball pythons (D:1)
  3 bats (D:1)
  A frilled lizard (D:1)
  2 rats (D:1)
40 creatures vanquished.

Table legend:
 A = Non-vault XP
 B = Vault XP
 C = Vault XP percentage of total XP
 D = Non-vault monster count
 E = Vault monster count
 F = Vault count percentage of total count
                 A         B        C        D         E       F
            +---------+---------+-------+---------+---------+-------
      Total |      46 |      39 |  45.9 |      27 |      13 |  32.5
            +---------+---------+-------+---------+---------+-------
        D:1 |      44 |       2 |   4.3 |      26 |       1 |   3.7
        D:2 |       2 |      37 |  94.9 |       1 |      12 |  92.3
            +---------+---------+-------+---------+---------+-------

Illustrated notes

Table legend:
 A = Kills in this place as a percentage of kills in entire the game.
 B = Kills by you in this place as a percentage of kills by you in the entire game.
 C = Kills by friends in this place as a percentage of kills by friends in the entire game.
 D = Other kills in this place as a percentage of other kills in the entire game.
 E = Experience gained in this place as a percentage of experience gained in the entire game.
 F = Experience gained in this place divided by the number of levels of this place that you have seen.
                   A       B       C       D       E      F
               +-------+-------+-------+-------+-------+----------------------
         Total | 100.0 | 100.0 |   N/A |   N/A | 100.0 |  42.5
       Dungeon | 100.0 | 100.0 |   N/A |   N/A | 100.0 |  42.5
               +-------+-------+-------+-------+-------+----------------------

Table legend: (Time is in decaauts)
 A = Elapsed time spent in this place.
 B = Non-inter-level travel time spent in this place.
 C = Inter-level travel time spent in this place.
 D = Time resting spent in this place.
 E = Time spent auto-exploring this place.
 F = Levels seen in this place.
 G = Mean time per level.
                   A        B        C        D        E       F      G
               +--------+--------+--------+--------+--------+-----+--------+
         Total |    875 |    875 |      0 |      6 |    570 |   2 |  437.5 |
       Dungeon |    875 |    875 |      0 |      6 |    570 |   2 |  437.5 |
               +--------+--------+--------+--------+--------+-----+--------+

Top non-repeatable levels by time:
     D:1: 771 daAuts
     D:2: 104 daAuts
